 Dungeon Crawl Stone Soup version 0.22.1-2-g9c5b331 (webtiles) character file.

631 NeonDemon the Chopper (level 7, 50/50 HPs)
             Began as a Halfling Berserker on Sept 5, 2018.
             Was an Elder of Trog.
             Quit the game on level 3 of the Dungeon on Nov 29, 2018.
             The game lasted 00:06:55 (3728 turns).

NeonDemon the Chopper (Halfling Berserker)          Turns: 3728, Time: 00:06:56

Health: 50/50      AC: 10    Str: 20    XL:     7   Next: 78%
Magic:  7/7        EV: 12    Int:  5    God:    Trog [****..]
Gold:   221        SH:  0    Dex: 14    Spells: 6/6 levels left

rFire    . . .     SeeInvis .   a - +0 hand axe
rCold    . . .     Gourm    .   (shield restricted)
rNeg     . . .     Faith    .   f - +0 chain mail
rPois    .         Spirit   .   (no helmet)
rElec    .         Reflect  .   (no cloak)
rCorr    .         Harm     .   i - +0 pair of gloves
MR       .....                  (no boots)
Stlth    ..........             (no amulet)
HPRegen  0.16/turn              (no ring)
MPRegen  0.10/turn              (no ring)

@: no status effects
A: small, mutation resistance 1
a: Berserk, Trog's Hand, Brothers in Arms, Renounce Religion


You were on level 3 of the Dungeon.
You worshipped Trog.
Trog was greatly pleased with you.
You were not hungry.

You visited 1 branch of the dungeon, and saw 3 of its levels.

You collected 221 gold pieces.

Inventory:

Hand Weapons
 a - a +0 hand axe (weapon)
Armour
 f - a +0 chain mail (worn)
 i - a +0 pair of gloves (worn)
Scrolls
 j - 5 scrolls of remove curse
 k - a scroll of teleportation {unknown}
 l - a scroll of immolation {unknown}
 m - a scroll of random uselessness {unknown}
Potions
 b - a potion of ambrosia {unknown}
 g - 3 potions of curing
Comestibles
 c - 9 rations
 d - 7 chunks of flesh


   Skills:
 * Level 5.0 Fighting
 * Level 5.3 Axes
 + Level 4.0 Armour
 + Level 4.0 Dodging


You had 6 spell levels left.
You didn't know any spells.
Your spell library was empty.

Dungeon Overview and Level Annotations

Branches:
Dungeon (3/15)

Altars:
Ashenzari


Innate Abilities, Weirdness & Mutations

You are small and have problems with some larger weapons.
You are somewhat resistant to further mutation.


Message History

Trog says: Kill them all!
Press ? for a list of commands and other information.
New annotation for D:3 (include '!' for warning):
Okay, then.
Welcome back, NeonDemon the Halfling Berserker.
Trog says: Kill them all!
Press ? for a list of commands and other information.
Unknown command.
You are a level 7 Halfling Berserker.
You are 78% of the way to level 8.
Play time: 00:05:44 (3728 turns) Clearing level map.
Unknown command.
Unknown command.
Unknown command.
Save game and exit?
Welcome back, NeonDemon the Halfling Berserker.
Trog says: Kill them all!
Press ? for a list of commands and other information.
Unknown command.
Are you sure you want to abandon this character and quit the game? (Confirm

*,,,,** ##.....## #.##
****,,** ##.......## #..#####
**,,,***#.........####......##
*,,,,,,,+.........'...........
**,,,***#.........####....#.#.
*,,** ##.......## #..#...#.
*,** ##.....## #........ **,*
##...## #.###..## *,,* ##@##
#.###..# *,** *****#.#
#......# *,* *,,,,..# #####.##
*,* *,**...#* #.# *,*
*,*#....** #.# *,* *,*#....,*
#.# *,* *,,...r.,*********#.#
*,*******.#.#...,,,,,,,,,..#
*,,,,,,,,,,,***,**********##


You could see a rat.

Vanquished Creatures
  2 big kobolds
  A bullfrog Terence Natasha (thrice)
  12 gnolls
  6 adders
  2 worms
  A dart slug
  3 leopard geckos
  A ball python
  4 giant cockroaches
  41 goblins
  28 hobgoblins
  7 jackals
  9 kobolds
  A quokka
  3 bats
  2 frilled lizards
  6 rats
133 creatures vanquished.

Notes
Turn   | Place    | Note
-------+----------+-------------------------------------------
     0 | D:1      | NeonDemon the Halfling Berserker began the quest for the
                  | Orb.
     0 | D:1      | Reached XP level 1. HP: 15/15 MP: 1/1
   159 | D:1      | Reached XP level 2. HP: 20/20 MP: 2/2
   290 | D:1      | Reached skill level 3 in Fighting
   546 | D:1      | Reached XP level 3. HP: 25/26 MP: 3/3
  1155 | D:2      | Reached XP level 4. HP: 25/31 MP: 4/4
  1212 | D:2      | Noticed Natasha
  1218 | D:2      | Killed Natasha
  1218 | D:2      | Reached ** piety under Trog
  1544 | D:2      | Noticed Terence
  1557 | D:2      | Killed Terence
  1557 | D:2      | Reached skill level 3 in Armour
  1557 | D:2      | Reached skill level 3 in Dodging
  1557 | D:2      | Reached XP level 5. HP: 26/37 MP: 5/5
  1617 | D:2      | Noticed Natasha
  1621 | D:2      | Killed Natasha
  1621 | D:2      | Reached skill level 4 in Axes
  1987 | D:2      | Noticed Natasha
  1994 | D:2      | Killed Natasha
  2180 | D:3      | Reached skill level 4 in Fighting
  2180 | D:3      | Reached XP level 6. HP: 43/43 MP: 6/6
  2262 | D:3      | Found a shattered altar of Ashenzari.
  2624 | D:3      | Reached *** piety under Trog
  2716 | D:3      | Reached XP level 7. HP: 49/49 MP: 7/7
  2724 | D:3      | Reached skill level 5 in Axes
  2988 | D:3      | Reached skill level 4 in Armour
  3025 | D:3      | Reached **** piety under Trog
  3032 | D:3      | Reached skill level 4 in Dodging
  3443 | D:3      | Reached skill level 5 in Fighting
  3728 | D:3      | NeonDemon: !lg SpeedDemon -log
  3728 | D:3      | beem: 11. SpeedDemon, XL21 HaBe, T:34810:
                  | https://underhound.eu/crawl/morgue/SpeedDemon/morgue-SpeedD
                  | emon-20180906-122900.txt
  3728 | D:3      | NeonDemon: !lg !bot Ha won min=dur -log
  3728 | D:3      | beem: 1677. cojito, XL23 HaHu, T:33378:
                  | http://crawl.akrasiac.org/rawdata/cojito/morgue-cojito-2018
                  | 0206-013527.txt
  3728 | D:3      | NeonDemon: !lg SpeedDemon max=score -log
  3728 | D:3      | beem: 22. SpeedDemon, XL24 GhMo, T:40960:
                  | https://underhound.eu/crawl/morgue/SpeedDemon/morgue-SpeedD
                  | emon-20180907-103642.txt
  3728 | D:3      | NeonDemon: !lg SpeedDemon max=score -log -2
  3728 | D:3      | beem: 21/22. SpeedDemon, XL20 GhMo, T:31293:
                  | https://underhound.eu/crawl/morgue/SpeedDemon/morgue-SpeedD
                  | emon-20180907-133212.txt
  3728 | D:3      | NeonDemon: !lg SpeedDemon max=score -log -3
  3728 | D:3      | beem: 20/22. SpeedDemon, XL21 HaBe, T:34810:
                  | https://underhound.eu/crawl/morgue/SpeedDemon/morgue-SpeedD
                  | emon-20180906-122900.txt
  3728 | D:3      | NeonDemon: !lg SpeedDemon max=score -log -4
  3728 | D:3      | beem: 19/22. SpeedDemon, XL19 HaHu, T:34364:
                  | https://underhound.eu/crawl/morgue/SpeedDemon/morgue-SpeedD
                  | emon-20180906-185343.txt
  3728 | D:3      | NeonDemon: !lg SpeedDemon max=score -log -5
  3728 | D:3      | beem: 18/22. SpeedDemon, XL19 HaBe, T:27545:
                  | https://underhound.eu/crawl/morgue/SpeedDemon/morgue-SpeedD
                  | emon-20180906-210434.txt
  3728 | D:3      | NeonDemon: !lg SpeedDemon max=score -log -6
  3728 | D:3      | beem: 17/22. SpeedDemon, XL13 HaBe, T:13072:
                  | https://underhound.eu/crawl/morgue/SpeedDemon/morgue-SpeedD
                  | emon-20180905-095107.txt
  3728 | D:3      | Upgraded the game from 0.22.0-49-gab54619 to
                  | 0.22.1-2-g9c5b331
  3728 | D:3      | Quit the game

Skill      XL: |  1  2  3  4  5  6  7 |
---------------+----------------------+-----
Fighting       | 3 4 5 |  5.0
Armour         | 3 4 |  4.0
Dodging        | 3 4 |  4.0
Axes           | 4 5 |  5.3

Action                   |  1- 3 |  4- 6 |  7- 9 || total
-------------------------+-------+-------+-------++-------
Melee: Hand axe          |    79 |   155 |   121 ||   355
Invok: Berserk           |     2 |    12 |     5 ||    19
       Trog's Hand       |       |     1 |       ||     1
  Use: Scroll            |     2 |     4 |       ||     6
       Potion            |       |     1 |     1 ||     2
  Eat: Chunk             |     2 |    18 |     8 ||    28
Armor: Animal skin       |    14 |     9 |       ||    23
       Skin              |       |     4 |    29 ||    33
       Chain mail        |       |    59 |    68 ||   127
Dodge: Dodged            |    54 |   116 |   103 ||   273
